 Dungeon Crawl Stone Soup version 0.31-a0-826-ga5cc291a1b (webtiles) character file.

Game seed: 4856459063069335502

355 qw the Shooter (level 6, -2/38 HPs)
             Began as a Gargoyle Hunter on Sept 23, 2023.
             Slain by Pikel
             ... wielding a +0 whip of electrocution
              (11 damage)
             ... on level 4 of the Dungeon.
             The game lasted 00:01:16 (3328 turns).

qw the Shooter (Gargoyle Hunter)                    Turns: 3328, Time: 00:01:16

Health: -2/38      AC:  8    Str: 21    XL:     6   Next: 63%
Magic:  6/6        EV: 12    Int:  9    God:
Gold:   198        SH:  0    Dex: 15    Spells: 5/5 levels left

rFire   . . .        Y - +0 shortbow
rCold   . . .        (shield currently unavailable)
rNeg    + . .        c - +0 leather armour
rPois   inf          (no helmet)
rElec   +            (no cloak)
rCorr   .            (no gloves)
SInv    .            e - +0 pair of boots
Will    .....        (no amulet)
Stlth   ++           n - +6 ring of strength
HPRegen 0.26/turn    (no ring)
MPRegen 0.10/turn

%: no passive effects
@: about to teleport
A: sickness immunity, AC +4, negative energy resistance 1, electricity
resistance, torment resistance 1, petrification resistance
a: no special abilities


You were on level 4 of the Dungeon.
You visited 1 branch of the dungeon, and saw 4 of its levels.

You collected 198 gold pieces.


Innate Abilities, Weirdness & Mutations

You are immune to sickness and miasma.
Your stone body is resilient. (AC +4)
You are immune to poison.
You resist negative energy. (rN+)
You are resistant to electric shocks. (rElec)
You are resistant to unholy torment.
You are immune to petrification.


   Skills:
 - Level 4.0 Fighting
 + Level 6.9 Ranged Weapons
 - Level 1.3 Armour
 - Level 1.5 Dodging
 - Level 1.1 Stealth


You had 5 spell levels left.
You didn't know any spells.
Your spell library was empty.

Inventory:

Hand Weapons
 Y - a +0 shortbow (weapon)
Armour
 c - a +0 leather armour (worn)
 e - a +0 pair of boots (worn)
Jewellery
 g - a ring of ice
 n - a +6 ring of strength (left hand)
Scrolls
 a - a scroll of teleportation
 b - 2 scrolls of poison {unknown}
Potions
 d - a potion of invisibility {unknown}
 f - a potion of curing {unknown}
 h - a potion of cancellation
 i - 2 potions of heal wounds {unknown}
 j - 2 potions of ambrosia {unknown}
 k - a potion of experience {unknown}
 l - a potion of haste {unknown}

Dungeon Overview and Level Annotations

Branches:
Dungeon (4/15)
 Temple: D:4-7

Altars:
Fedhas

Annotations:
D:4 Pikel


Message History

You shoot an arrow. The arrow hits Pikel!
Pikel is moderately wounded.
Pikel hits you with a +0 whip of electrocution.
Pikel barely misses you.
You shoot an arrow. The arrow barely misses Pikel.
The arrow hits the lemure but does no damage.
Pikel hits you with a +0 whip of electrocution.
You shoot an arrow. The arrow hits Pikel.
Pikel is moderately wounded.
Pikel hits you with a +0 whip of electrocution.
You shoot an arrow. The arrow barely misses Pikel.
The arrow hits the lemure!
The lemure is moderately wounded.
Pikel misses you.
You shoot an arrow. The arrow hits Pikel.
Pikel is heavily wounded.
Pikel hits you with a +0 whip of electrocution.
You shoot an arrow. The arrow barely misses Pikel.
The arrow hits the lemure.
The lemure is heavily wounded.
Pikel hits you but does no damage.
You shoot an arrow. The arrow barely misses Pikel.
The arrow hits the lemure!
The lemure is almost dead.
Pikel says, "You'll make a fine lemure."
Pikel hits you but does no damage.
You shoot an arrow. The arrow hits Pikel.
Pikel is heavily wounded.
Pikel hits you with a +0 whip of electrocution.
You shoot an arrow.
The arrow hits Pikel but does no damage.
Pikel is heavily wounded.
Pikel hits you with a +0 whip of electrocution!
You shoot an arrow.
The arrow hits Pikel but does no damage.
Pikel is heavily wounded.
Pikel hits you with a +0 whip of electrocution.
3328 ||| READING 2 scrolls of teleportation.
As you read the scroll of teleportation, it crumbles to dust.
You feel strangely unstable.
Pikel hits you with a +0 whip of electrocution!
You die...
Pikel says, "Another soul for the market."

.# .# # #. .# #.#. .#
##.#. #### #....## ...#
#.#...# ##.# .....# #
#.# #..###.# ##.#
#.5K@..# ...# ##5##### .
...##########...5###....
...............#.5......
...##########...##5.#...
...### #....# ..# .....#
#.....# ).# .#.#.#
#....5# ... .#.#.#
#.#.#..# 5.


You could see Pikel and 2 lemures.

Vanquished Creatures
  A scorpion (D:4)
  Jessica (D:3)
  An iguana (D:4)
  3 orc wizards (D:4)
  5 adders
  3 gnolls (D:4)
  A worm (D:2)
  8 dart slugs
  8 orcs
  11 ball pythons
  7 bats
  3 endoplasms
  A giant cockroach (D:1)
  5 goblins
  A hobgoblin (D:1)
  6 jackals
  7 kobolds
  A quokka (D:1)
  3 frilled lizards
  5 rats
81 creatures vanquished.

Notes
Turn   | Place    | Note
-------+----------+-------------------------------------------
     0 | D:1      | qw the Gargoyle Hunter began the quest for the Orb.
     0 | D:1      | Reached XP level 1. HP: 12/12 MP: 1/1
     0 | D:1      | 0 ||| qw: Version: 0.3-a-83-gcd0e7d8
     0 | D:1      | 0 ||| qw: Game counter: 1877
     0 | D:1      | 0 ||| qw: Melee chars always use a shield: true
     0 | D:1      | 0 ||| qw: God list: Okawaru
     0 | D:1      | 0 ||| qw: Allow faded altars: false
     0 | D:1      | 0 ||| qw: Do Orc after clearing Dungeon:15 true
     0 | D:1      | 0 ||| qw: Do second Lair branch before Depths: true
     0 | D:1      | 0 ||| qw: Lair rune preference: random
     0 | D:1      | 0 ||| qw: Goals: Normal
     0 | D:1      | 0 ||| PLANNING D:1-11
    62 | D:1      | Reached XP level 2. HP: 17/17 MP: 2/2
   376 | D:1      | Reached XP level 3. HP: 21/21 MP: 3/3
   450 | D:1      | Reached skill level 5 in Ranged Weapons
  1021 | D:1      | 1021 ||| UPGRADING to +0 pair of boots.
  1026 | D:1      | 1026 ||| READING scroll labelled WINYH JEEVICY.
  1031 | D:1      | 1031 ||| DROPPING scroll of butterflies.
  1097 | D:2      | Reached skill level 3 in Fighting
  1260 | D:2      | Reached XP level 4. HP: 25/28 MP: 4/4
  1752 | D:2      | 1752 ||| DRINKING 2 gluggy clear potions.
  1753 | D:2      | 1753 ||| DRINKING 2 golden potions.
  1754 | D:2      | 1754 ||| DROPPING potion of attraction.
  1868 | D:3      | Found a blossoming altar of Fedhas.
  1959 | D:3      | Noticed Jessica
  1969 | D:3      | Killed Jessica
  1985 | D:3      | Reached XP level 5. HP: 31/32 MP: 5/5
  2241 | D:3      | Reached skill level 6 in Ranged Weapons
  2415 | D:3      | 2415 ||| UPGRADING to +6 ring of strength.
  2416 | D:3      | 2416 ||| READING scroll labelled NIRHEH LEOC.
  2417 | D:3      | 2417 ||| READING 2 scrolls labelled JEYR PICOM.
  2418 | D:3      | 2418 ||| READING scroll labelled ALUCUE AGADUIPE.
  2419 | D:3      | 2419 ||| READING scroll labelled FESTYL ICVOTI.
  2420 | D:3      | 2420 ||| DROPPING scroll of amnesia.
  2456 | D:4      | Reached skill level 1 in Armour
  2464 | D:4      | 2464 ||| FLEEEEING.
  2468 | D:4      | 2468 ||| STAIRDANCE
  2879 | D:4      | Reached XP level 6. HP: 37/38 MP: 6/6
  3303 | D:4      | Noticed Pikel
  3304 | D:4      | 3304 ||| RETREEAATING.
  3306 | D:4      | 3306 ||| RETREEAATING.
  3307 | D:4      | 3307 ||| STILL RETREEAATING.
  3309 | D:4      | 3309 ||| STILL RETREEAATING.
  3311 | D:4      | 3311 ||| RETREEAATING.
  3313 | D:4      | 3313 ||| Stepping ~*~*~tactically~*~*~ (retreating).
  3315 | D:4      | 3315 ||| Stepping ~*~*~tactically~*~*~ (retreating).
  3327 | D:4      | HP: 8/38 [Pikel/+0 whip of electrocution (3)]
  3328 | D:4      | 3328 ||| READING 2 scrolls of teleportation.
  3328 | D:4      | Slain by Pikel

Levels and vault maps discovered:
D:1:      lemuel_arrival_broad_hall, layout_basic, kennysheep_small_spiral
D:2:      layout_basic, nicolae_eternal_life
D:3:      layout_loops_ring, mainiacjoe_overflow_surrounded_room, uniq_jessica
D:4:      layout_loops_corners, minmay_temple_entry_wispy, uniq_pikel

Skill      XL: |  1  2  3  4  5 |
---------------+----------------+-----
Ranged Weapons | 5 6 |  6.9
Fighting       | 3 4 |  4.0
Armour         | 1 |  1.3
Dodging        | |  1.5
Stealth        | |  1.1

Action                     |  1- 3 |  4- 6 || total
---------------------------+-------+-------++-------
   Fire: Shortbow          |   133 |   189 ||   322
    Use: Scroll            |     1 |     5 ||     6
         Potion            |       |     2 ||     2
 Armour: Leather armour    |    35 |    71 ||   106
  Dodge: Dodged            |    18 |    52 ||    70

Table legend:
 A = Non-vault XP
 B = Vault XP
 C = Vault XP percentage of total XP
 D = Non-vault monster count
 E = Vault monster count
 F = Vault count percentage of total count
                 A         B        C        D         E       F
            +---------+---------+-------+---------+---------+-------
      Total |     471 |      37 |   7.3 |      80 |       1 |   1.2
            +---------+---------+-------+---------+---------+-------
        D:1 |      65 |       0 |   0.0 |      34 |       0 |   0.0
        D:2 |      44 |       0 |   0.0 |      15 |       0 |   0.0
        D:3 |      47 |      37 |  44.0 |      12 |       1 |   7.7
        D:4 |     315 |       0 |   0.0 |      19 |       0 |   0.0
            +---------+---------+-------+---------+---------+-------
